AoeStats
← masterbaiter

Black Forest

511597734Analyzed
4v4 RM · 13d ago on Oct 5, 2026· 53m 0s· 8 players
Game mode
Random Map
Map size
Large (8 player)
Population
200
Speed
Normal
Resources
Standard
Victory
Conquest
Starting age
Dark Age
Ending age
Imperial Age
RankedLock teamsTeams togetherTeam positionsShared explorationLock speedFull tech treeHidden civsTurbo modeCheats
Victory
Defeat
1278
+13
🇫🇷 Teutons · France
1273
+13
🇦🇷 Mongols · Argentina
1228
+15
🇬🇧 Bohemians · United Kingdom
1214
+16
vs
🇩🇪 Armenians · Germany
1246
-16
🇲🇹 Danes · Malta
1211
-14
🇨🇳 Jurchens · China
1200
-14
🇹🇷 Persians · Türkiye
1185
-13
Finn4n
0:52 Loom
11:35 Feudal Age
13:33 Double-Bit Axe
16:12 Castle Age
14:09 Man-at-Arms
15:39 Horse Collar
16:10 Long Swordsman
19:07 Forging
20:05 Scale Mail Armor
21:44 Chain Mail Armor
21:32 Long Swordsman
22:59 Two-Handed Swordsman
25:19 Gambesons
26:39 Squires
28:13 Heavy Plow
31:08 Wheelbarrow
34:29 Hand Cart
34:48 Bow Saw
35:06 Gold Mining
35:04 Town Watch
39:16 Imperial Age
36:53 Fletching
37:04 Padded Archer Armor
37:28 Ballistics
37:30 Bodkin Arrow
37:51 Stone Mining
38:45 Gold Shaft Mining
38:21 Treadmill Crane
38:51 Fortified Wall
38:24 Treadmill Crane
39:42 Leather Archer Armor
39:34 Elite Composite Bowman
41:32 Chemistry
41:26 Bracer
42:47 Hoardings
42:24 Masonry
43:32 Ring Archer Armor
Sawyer
4:47 Loom
9:56 Feudal Age
11:10 Double-Bit Axe
18:50 Horse Collar
21:24 Wheelbarrow
24:53 Castle Age
25:24 Husbandry
25:35 Bloodlines
25:46 Heavy Plow
26:35 Forging
26:30 Scale Barding Armor
30:22 Pikeman
34:13 Imperial Age
32:28 Town Watch
35:42 Chain Barding Armor
36:50 Masonry
37:12 Bow Saw
38:45 Iron Casting
38:13 Heavy Camel Rider
38:56 Gold Mining
39:54 Scale Mail Armor
40:54 Blast Furnace
41:23 Caravan
44:03 Hand Cart
46:10 Plate Barding Armor
JuLi4n00
3:40 Loom
11:02 Feudal Age
14:59 Castle Age
13:18 Double-Bit Axe
14:07 Horse Collar
16:23 Wheelbarrow
26:18 Bow Saw
26:09 Heavy Plow
30:55 Imperial Age
28:44 Hand Cart
28:47 Gambesons
28:51 Arson
29:09 Squires
29:12 Scale Mail Armor
29:23 Forging
29:36 Hamask
30:37 Chain Mail Armor
30:33 Gold Mining
30:36 Stone Mining
30:25 Pikeman
30:30 Man-at-Arms
32:04 Conscription
31:18 Northmen's Fury
31:22 Capped Ram
31:27 Long Swordsman
31:29 Halberdier
33:44 Plate Mail Armor
33:50 Iron Casting
32:37 Two-Handed Swordsman
33:48 Ballistics
34:00 Fletching
34:10 Padded Archer Armor
34:55 Stone Shaft Mining
34:56 Gold Shaft Mining
37:47 Chemistry
37:49 Blast Furnace
36:45 Bodkin Arrow
37:07 Leather Archer Armor
37:07 Siege Ram
37:32 Elite Jomsviking
39:03 Elite Skirmisher
43:56 Bloodlines
44:15 Scale Barding Armor
44:12 Bracer
44:42 Ring Archer Armor
44:47 Husbandry
45:09 Light Cavalry
47:35 Chain Barding Armor
尹佳蓝可爱捏
3:54 Loom
10:47 Feudal Age
14:42 Castle Age
12:34 Double-Bit Axe
13:11 Horse Collar
15:09 Forging
16:11 Bow Saw
16:03 Heavy Plow
22:37 Wheelbarrow
24:02 Iron Casting
23:33 Scale Barding Armor
23:59 Bloodlines
24:07 Scale Barding Armor
24:11 Town Watch
26:06 Chain Barding Armor
26:03 Husbandry
29:15 Fletching
30:07 Hand Cart
33:52 Imperial Age
32:50 Gold Mining
32:50 Stone Mining
32:51 Gold Mining
32:51 Stone Mining
32:51 Gold Mining
35:40 Plate Barding Armor
36:06 Blast Furnace
35:41 Plate Barding Armor
36:06 Blast Furnace
34:55 Elite Steppe Lancer
35:55 Bodkin Arrow
37:18 Gold Shaft Mining
37:19 Stone Shaft Mining
37:19 Gold Shaft Mining
37:19 Stone Shaft Mining
37:19 Gold Shaft Mining
37:22 Stone Shaft Mining
37:13 Conscription
37:05 Thunderclap Bombs
39:29 Heavy Rocket Cart
41:12 Chemistry
40:18 Siege Engineers
40:34 Ballistics
40:25 Masonry
40:51 Herbal Medicine
50:17 Fortified Wall
masterbaiter
11:42 Feudal Age
12:07 Loom
16:36 Castle Age
16:34 Scale Barding Armor
16:59 Light Cavalry
18:48 Double-Bit Axe
26:24 Stone Mining
27:35 Wheelbarrow
27:29 Bow Saw
28:01 Horse Collar
31:50 Hand Cart
32:49 Bloodlines
32:52 Forging
33:28 Chain Barding Armor
33:33 Husbandry
37:08 Imperial Age
35:18 Iron Casting
34:41 Fletching
37:04 Bodkin Arrow
37:10 Padded Archer Armor
37:22 Hussar
39:07 Blast Furnace
39:43 Bracer
40:38 Conscription
40:41 Leather Archer Armor
40:48 Ballistics
41:28 Chemistry
40:35 Thumb Ring
40:55 Parthian Tactics
41:09 Elite Mangudai
BigFreak
0:31 Loom
11:59 Feudal Age
16:50 Wheelbarrow
19:39 Castle Age
17:42 Double-Bit Axe
18:07 Horse Collar
23:02 Bow Saw
24:01 Town Watch
25:29 Forging
26:42 Heavy Plow
26:58 Scale Mail Armor
29:41 Iron Casting
30:44 Gold Mining
32:50 Chain Mail Armor
33:56 Hand Cart
36:45 Imperial Age
34:45 Gambesons
35:01 Squires
35:22 Stone Mining
36:26 Fortified Wall
36:27 Masonry
36:16 Arson
38:34 Blast Furnace
38:10 Plate Mail Armor
38:05 Conscription
38:25 Hoardings
38:42 Siege Engineers
39:06 Elite Teutonic Knight
45:33 Caravan
46:12 Onager
47:17 Ironclad
47:22 Crenellations
47:34 Siege Onager
51:01 Fletching
54:04 Chemistry
53:03 Bodkin Arrow
タタールが村に入った
5:29 Loom
5:51 Loom
9:05 Feudal Age
11:57 Scale Barding Armor
12:42 Forging
12:45 Double-Bit Axe
21:36 Castle Age
21:49 Bloodlines
22:37 Chain Barding Armor
21:38 Light Cavalry
22:19 Husbandry
24:51 Iron Casting
30:13 Wheelbarrow
35:06 Imperial Age
35:07 Heavy Camel Rider
36:28 Plate Barding Armor
41:51 Siege Engineers
43:06 Blast Furnace
49:34 Bow Saw
52:29 Stone Mining
Husain Bolt
11:04 Feudal Age
11:42 Double-Bit Axe
12:17 Loom
16:47 Castle Age
18:27 Bow Saw
18:01 Horse Collar
21:13 Fervor
22:09 Heavy Plow
23:19 Wheelbarrow
26:15 Hand Cart
30:11 Imperial Age
29:17 Chemistry
28:24 Padded Archer Armor
29:33 Leather Archer Armor
29:09 Fletching
30:36 Town Watch
30:19 Houfnice
33:33 Siege Engineers
33:54 Conscription
33:40 Wagenburg Tactics
36:00 Two-Man Saw
36:49 Ring Archer Armor
36:15 Bodkin Arrow
37:56 Caravan
Connection lost

Rejoining the realm…

Still unreachable

The connection could not be restored.

Session expired

The server has moved on; the page needs a fresh start.